MONTREAL vs COLUMBUS

Created - January 4, 2021 at 07:07

Goals
1 2 3 T
MONTREAL 2 1 1 4
COLUMBUS 2 1 2 5
Shots
1 2 3 T
MONTREAL 12 3 10 25
COLUMBUS 10 10 13 33

1st period

1. MONTREAL , Tomas Tatar 1 (Phillip Danault 2) at 0:32
2. COLUMBUS , T.J. Oshie 1 (Jonathan Drouin 1, Luke Kunin 1) at 6:19
3. COLUMBUS , John Carlson 1 (Mattias Ekholm 1, Steven Stamkos 1) at 15:51 (PP)
4. MONTREAL , Roope Hintz 1 (Vincent Trocheck 1, Erik Gustafsson 1) at 18:11

Penalties :
P.K. Subban (MON) for Hooking (Minor) at 10:42, Erik Gustafsson (MON) for Hooking (Minor) at 15:43, Jacob Trouba (CBJ) for Hooking (Minor) at 18:38

2nd period

5. COLUMBUS , Aleksander Barkov 1 (Ben Chiarot 2, Jacob Trouba 1) at 8:10 (PP)
6. MONTREAL , Max Pacioretty 1 (Nathan MacKinnon 1, P.K. Subban 2) at 11:05

Penalties :
Erik Gustafsson (MON) for Holding (Minor) at 7:48

3rd period

7. COLUMBUS , Steven Stamkos 1 (Anthony Beauvillier 1) at 11:48
8. COLUMBUS , T.J. Oshie 2 (Jonathan Drouin 2, Luke Kunin 2) at 12:12
9. MONTREAL , Nathan MacKinnon 1 (P.K. Subban 3, Alex Iafallo 1) at 13:49

Penalties :
Derek Grant (CBJ) for Fighting (Major) at 2:01, Max Pacioretty (MON) for Fighting (Major) at 2:01, Ben Chiarot (CBJ) for Tripping (Minor) at 5:23, T.J. Oshie (CBJ) for Hooking (Minor) at 15:42

Goalie Stats

Robin Lehner (MON), 28 saves from 33 shots - (0.848), L, 1-1-0, 59:02 minutes
Jordan Binnington (CBJ), 21 saves from 25 shots - (0.840), W, 2-0-0, 60:00 minutes

Players Stats for MONTREAL

Player Name              G  A  P  +/- PIM S  H  SB GA TA FO     MP     PP MP  PK MP  
------------------------------------------------------------------------------------
Alex Iafallo             0  1  1   2  0   0  0  0  0  0  0/2    17:45   0:49   0:00 
Brock McGinn             0  0  0  -1  0   2  0  1  0  0  0/0    10:00   0:32   1:48 
Connor Murphy            0  0  0  -1  0   0  1  1  0  0  0/0    19:37   0:00   1:31 
Erik Gustafsson          0  1  1   0  4   1  0  0  0  0  0/0    17:11   2:35   0:58 
Joel Armia               0  0  0   0  0   1  1  0  0  0  1/1    13:13   0:00   0:41 
Keith Yandle             0  0  0  -1  0   0  1  1  0  0  0/0    21:21   3:22   1:01 
Mark Jankowski           0  0  0  -1  0   0  0  0  0  0  3/10    7:40   0:00   0:00 
Max Pacioretty           1  0  1   2  5   3  3  0  0  0  0/0    17:46   2:01   0:00 
Nathan Beaulieu          0  0  0   0  0   0  1  2  0  0  0/0    15:12   0:00   0:58 
Nathan MacKinnon         1  1  2   2  0   6  0  0  0  0  10/26  20:18   3:22   0:00 
Nino Niederreiter        0  0  0   0  0   2  1  0  0  0  0/0    14:26   0:00   0:00 
P.K. Subban              0  2  2   2  2   1  1  2  0  0  0/0    23:26   2:35   0:30 
Phillip Danault          0  1  1   0  0   1  0  0  0  0  11/25  18:49   2:35   1:48 
Roope Hintz              1  0  1   0  0   2  1  0  0  0  0/0    16:33   2:51   0:00 
Tomas Tatar              1  0  1   0  0   2  1  0  0  0  1/3    17:00   2:34   0:00 
Tony DeAngelo            0  0  0   2  0   2  1  3  0  0  0/0    23:10   3:22   0:00 
Vincent Trocheck         0  1  1   0  0   1  1  0  0  0  10/17  15:48   2:35   0:41 
Wayne Simmonds           0  0  0  -1  0   1  0  0  0  0  0/0     8:12   0:32   0:00 

Players Stats for COLUMBUS

Player Name              G  A  P  +/- PIM S  H  SB GA TA FO     MP     PP MP  PK MP  
------------------------------------------------------------------------------------
Aleksander Barkov        1  0  1   0  0   6  0  0  0  0  16/24  20:22   1:14   1:29 
Anthony Beauvillier      0  1  1   0  0   3  2  0  0  0  0/0    18:53   1:14   0:00 
Ben Chiarot              0  1  1  -1  2   4  3  2  0  0  0/0    18:40   0:53   1:45 
Cam Atkinson             0  0  0   0  0   2  1  0  0  0  0/1    13:00   0:00   0:00 
Carl Gunnarsson          0  0  0   0  0   0  1  1  0  0  0/0     4:21   0:00   0:05 
Derek Grant              0  0  0   0  5   0  1  0  0  0  12/22  15:09   0:00   2:59 
Erik Cernak              0  0  0   1  0   1  1  0  0  0  0/0    13:55   0:00   0:00 
Jack Roslovic            0  0  0   0  0   1  1  0  0  0  0/0     5:20   0:00   0:00 
Jacob Trouba             0  1  1  -1  2   0  2  0  0  0  0/0    19:17   0:53   2:22 
John Carlson             1  0  1  -1  0   2  1  2  0  0  0/0    26:06   1:36   2:54 
Jonathan Drouin          0  2  2  -1  0   1  4  1  0  0  1/3    16:50   1:15   0:00 
Kaapo Kakko              0  0  0   0  0   0  0  0  0  0  0/0    13:00   0:00   0:00 
Luke Kunin               0  2  2  -1  0   3  2  0  0  0  12/20  17:02   1:15   0:12 
Marcus Sorensen          0  0  0   0  0   0  0  0  0  0  1/2     6:54   0:00   1:34 
Mattias Ekholm           0  1  1  -1  0   1  1  2  0  0  0/0    21:50   1:36   2:54 
Ryan Murray              0  0  0   1  0   0  0  1  0  0  0/0    15:49   0:00   1:54 
Sean Kuraly              0  0  0   0  0   0  0  0  0  0  1/4     8:51   0:00   2:42 
Steven Stamkos           1  1  2   0  0   5  1  0  0  0  1/2    18:53   1:14   0:00 
T.J. Oshie               2  0  2  -1  2   4  1  0  0  0  4/6    19:47   1:15   2:58 

3 Stars

1 - Nathan MacKinnon (MON)
2 - Steven Stamkos (CBJ)
3 - T.J. Oshie (CBJ)

Power Play

MONTREAL - 0 on 3 Attempt(s) - 0.00%
COLUMBUS - 2 on 3 Attempt(s) - 66.67%

Penalty Kill

MONTREAL - 1 on 3 Attempt(s) - 33.33% - Score 0 goal in Penalty Kill
COLUMBUS - 3 on 3 Attempt(s) - 100.00% - Score 0 goal in Penalty Kill

Team Stat

MONTREAL - Hits : 13 - Faceoff Wins : 36 - Blocked Shots : 10 - Penalty Minutes : 11
COLUMBUS - Hits : 22 - Faceoff Wins : 48 - Blocked Shots : 9 - Penalty Minutes : 11

Official

Referees : Corey Syvret and Trevor Hanson
Linesman : Kelsey Mahoney and Brian Mach

Game Notes

Derek Grant and Max Pacioretty fight to a draw at 2:01 of 3rd period

Finance

Level 1 -- Attendance: 5376 (89.60%) -- Ticket Income $483,840
Level 2 -- Attendance: 5000 (100.00%) -- Ticket Income $250,000
Level 3 -- Attendance: 2000 (100.00%) -- Ticket Income $60,000
Level 4 -- Attendance: 3978 (99.45%) -- Ticket Income $59,670
Luxury Box -- Attendance: 938 (93.80%) -- Ticket Income $168,840
Game was played at the Nationwide Arena.
Total Attendance: 17292 (96.07%)
Total Ticket Income: $1,022,350
Total Income: $1,022,350

MONTREAL

5 vs 5 Forward 
   Center                   Left Wing                Right Wing               Time % Phy DF OF 
 1 Nathan MacKinnon         Max Pacioretty           Alex Iafallo             35     0   1  4  
 2 Phillip Danault          Tomas Tatar              Nino Niederreiter        30     0   2  3  
 3 Vincent Trocheck         Roope Hintz              Joel Armia               25     1   2  2  
 4 Mark Jankowski           Brock McGinn             Wayne Simmonds           10     1   3  1  

5 vs 5 Defense 
   Defense                  Defense                                           Time % Phy DF OF 
 1 P.K. Subban              Tony DeAngelo                                     37     0   2  3  
 2 Keith Yandle             Connor Murphy                                     32     0   2  3  
 3 Erik Gustafsson          Nathan Beaulieu                                   25     1   2  2  
 4 P.K. Subban              Tony DeAngelo                                     6      0   3  2  

PowerPlay Forward 
   Center                   Left Wing                Right Wing               Time % Phy DF OF 
 1 Nathan MacKinnon         Max Pacioretty           Tomas Tatar              60     0   1  4  
 2 Phillip Danault          Roope Hintz              Vincent Trocheck         40     0   1  4  

PowerPlay Defense
   Defense                  Defense                                           Time % Phy DF OF 
 1 Keith Yandle             Tony DeAngelo                                     60     0   2  3  
 2 P.K. Subban              Erik Gustafsson                                   40     0   2  3  

Penalty Kill 4 Players Forward 
   Center                   Wing                     Time % Phy DF OF 
 1 Phillip Danault          Brock McGinn             60     0   4  1  
 2 Vincent Trocheck         Joel Armia               40     0   4  1  

Penalty Kill 4 Players Defense
   Defense                  Defense                  Time % Phy DF OF 
 1 Connor Murphy            P.K. Subban              60     1   3  1  
 2 Erik Gustafsson          Nathan Beaulieu          40     1   3  1  

Penalty Kill - 3 Players Forward 
   Forward                                           Time % Phy DF OF 
 1 Phillip Danault                                   60     0   5  0  
 2 Vincent Trocheck                                  40     0   5  0  

Penalty Kill - 3 Players Defense
   Defense                  Defense                  Time % Phy DF OF 
 1 Connor Murphy            P.K. Subban              60     1   4  0  
 2 Erik Gustafsson          Nathan Beaulieu          40     1   4  0  

4 vs 4 Forward 
   Center                   Wing                     Time % Phy DF OF 
 1 Nathan MacKinnon         Max Pacioretty           60     0   1  4  
 2 Vincent Trocheck         Tomas Tatar              40     0   2  3  

4 vs 4 Defense
   Defense                  Defense                  Time % Phy DF OF 
 1 Tony DeAngelo            P.K. Subban              60     0   2  3  
 2 Erik Gustafsson          Connor Murphy            40     1   2  2  

Last Minutes Offensive
   Center                   Left Wing                Right Wing               Defense                  Defense                  
   Nathan MacKinnon         Tomas Tatar              Max Pacioretty           Tony DeAngelo            P.K. Subban              

Last Minutes Defensive
   Center                   Left Wing                Right Wing               Defense                  Defense                  
   Phillip Danault          Brock McGinn             Vincent Trocheck         P.K. Subban              Connor Murphy            

Goaltenders
Starting : Robin Lehner             
Backup : Thomas Greiss            

Extra Forwards
Normal : Nathan MacKinnon, Max Pacioretty, Roope Hintz - PP : Alex Iafallo, Roope Hintz - PK : Brock McGinn
Extra Defensemen
Normal : Tony DeAngelo, P.K. Subban, Keith Yandle - PP : Tony DeAngelo - PK : Connor Murphy, P.K. Subban
Penalty Shots
Nathan MacKinnon, Max Pacioretty, Tomas Tatar, Roope Hintz, Vincent Trocheck

Scratches
MTL Cap Hit (Suspend)

COLUMBUS

5 vs 5 Forward 
   Center                   Left Wing                Right Wing               Time % Phy DF OF 
 1 Aleksander Barkov        Anthony Beauvillier      Steven Stamkos           35     1   2  2  
 2 Luke Kunin               Jonathan Drouin          T.J. Oshie               30     1   2  2  
 3 Derek Grant              Kaapo Kakko              Cam Atkinson             25     1   2  2  
 4 Sean Kuraly              Marcus Sorensen          Jack Roslovic            10     1   2  2  

5 vs 5 Defense 
   Defense                  Defense                                           Time % Phy DF OF 
 1 John Carlson             Mattias Ekholm                                    35     1   2  2  
 2 Jacob Trouba             Ben Chiarot                                       30     1   2  2  
 3 Erik Cernak              Ryan Murray                                       25     1   2  2  
 4 Carl Gunnarsson          John Carlson                                      10     1   2  2  

PowerPlay Forward 
   Center                   Left Wing                Right Wing               Time % Phy DF OF 
 1 Aleksander Barkov        Anthony Beauvillier      Steven Stamkos           60     1   2  2  
 2 Luke Kunin               Jonathan Drouin          T.J. Oshie               40     1   2  2  

PowerPlay Defense
   Defense                  Defense                                           Time % Phy DF OF 
 1 John Carlson             Mattias Ekholm                                    60     1   2  2  
 2 Jacob Trouba             Ben Chiarot                                       40     1   2  2  

Penalty Kill 4 Players Forward 
   Center                   Wing                     Time % Phy DF OF 
 1 Derek Grant              T.J. Oshie               60     1   2  2  
 2 Luke Kunin               Sean Kuraly              40     1   2  2  

Penalty Kill 4 Players Defense
   Defense                  Defense                  Time % Phy DF OF 
 1 John Carlson             Mattias Ekholm           60     1   2  2  
 2 Jacob Trouba             Ben Chiarot              40     1   2  2  

Penalty Kill - 3 Players Forward 
   Forward                                           Time % Phy DF OF 
 1 Derek Grant                                       60     1   2  2  
 2 Sean Kuraly                                       40     1   2  2  

Penalty Kill - 3 Players Defense
   Defense                  Defense                  Time % Phy DF OF 
 1 John Carlson             Mattias Ekholm           60     1   2  2  
 2 Jacob Trouba             Ben Chiarot              40     1   2  2  

4 vs 4 Forward 
   Center                   Wing                     Time % Phy DF OF 
 1 Aleksander Barkov        Anthony Beauvillier      60     1   2  2  
 2 Steven Stamkos           T.J. Oshie               40     1   2  2  

4 vs 4 Defense
   Defense                  Defense                  Time % Phy DF OF 
 1 John Carlson             Mattias Ekholm           60     1   2  2  
 2 Jacob Trouba             Ben Chiarot              40     1   2  2  

Last Minutes Offensive
   Center                   Left Wing                Right Wing               Defense                  Defense                  
   Aleksander Barkov        Anthony Beauvillier      Steven Stamkos           John Carlson             Mattias Ekholm           

Last Minutes Defensive
   Center                   Left Wing                Right Wing               Defense                  Defense                  
   Aleksander Barkov        Anthony Beauvillier      Steven Stamkos           John Carlson             Mattias Ekholm           

Goaltenders
Starting : Jordan Binnington        
Backup : David Rittich            

Extra Forwards
Normal : Kaapo Kakko, Derek Grant, Sean Kuraly - PP : Kaapo Kakko, Derek Grant - PK : Sean Kuraly
Extra Defensemen
Normal : Erik Cernak, Ryan Murray, Carl Gunnarsson - PP : Erik Cernak - PK : Ryan Murray, Carl Gunnarsson
Penalty Shots
Aleksander Barkov, Steven Stamkos, T.J. Oshie, Cam Atkinson, Anthony Beauvillier

Scratches
Emil Bemstrom (Healthy), CBJ Cap Hit (Suspend)

% Time on Ice - MONTREAL

Lines # - Real PCT - Wanted PCT - Time Play
Normal Forward
1 - 33% - 35% - 16:56
2 - 28% - 30% - 14:26
3 - 24% - 25% - 12:32
4 - 15% - 10% - 7:40
Normal Defense
1 - 36% - 37% - 18:20
2 - 33% - 32% - 16:58
3 - 28% - 25% - 14:14
4 - 4% - 6% - 2:02
PP Forward
1 - 57% - 60% - 3:22
2 - 43% - 40% - 2:35
PP Defense
1 - 57% - 60% - 3:22
2 - 43% - 40% - 2:35
PK Forward
1 - 72% - 60% - 1:48
2 - 28% - 40% - 0:41
PK Defense
1 - 61% - 60% - 1:31
2 - 39% - 40% - 0:58
PK3 Forward
1 - 0% - 60%
2 - 0% - 40%
PK3 Defense
1 - 0% - 60%
2 - 0% - 40%
44 Forward
1 - 0% - 60%
2 - 0% - 40%
44 Defense
1 - 0% - 60%
2 - 0% - 40%
Last Minute Offensive  - 0:00
Last Minute Defensive  - 0:00
Total
Forward - 60:00
Defense - 60:00

% Time on Ice - COLUMBUS

Lines # - Real PCT - Wanted PCT - Time Play
Normal Forward
1 - 34% - 35% - 17:12
2 - 30% - 30% - 15:35
3 - 25% - 25% - 13:00
4 - 10% - 10% - 5:20
Normal Defense
1 - 33% - 35% - 16:53
2 - 31% - 30% - 16:03
3 - 27% - 25% - 13:55
4 - 8% - 10% - 4:16
PP Forward
1 - 50% - 60% - 1:14
2 - 50% - 40% - 1:15
PP Defense
1 - 64% - 60% - 1:36
2 - 36% - 40% - 0:53
PK Forward
1 - 97% - 60% - 5:45
2 - 3% - 40% - 0:12
PK Defense
1 - 49% - 60% - 2:54
2 - 51% - 40% - 3:03
PK3 Forward
1 - 0% - 60%
2 - 0% - 40%
PK3 Defense
1 - 0% - 60%
2 - 0% - 40%
44 Forward
1 - 0% - 60%
2 - 0% - 40%
44 Defense
1 - 0% - 60%
2 - 0% - 40%
Last Minute Offensive  - 0:00
Last Minute Defensive  - 0:27
Total
Forward - 60:00
Defense - 60:00

Play-by-Play

1st period


0:01 of 1st period - Aleksander Barkov wins face-off versus Alex Iafallo in neutral zone.
0:26 of 1st period - Shot by Nathan MacKinnon.
0:26 of 1st period - Stopped by Jordan Binnington without a rebound.
0:27 of 1st period - Luke Kunin wins face-off versus Phillip Danault in COLUMBUS zone.
0:27 of 1st period - T.J. Oshie is hit by Tomas Tatar and loses puck.
0:32 of 1st period - Shot by Tomas Tatar.
0:32 of 1st period - Goal by Tomas Tatar - MONTREAL : 1 - COLUMBUS : 0.
0:33 of 1st period - Vincent Trocheck wins face-off versus Derek Grant in neutral zone.
1:02 of 1st period - Icing by Erik Cernak.
1:03 of 1st period - Derek Grant wins face-off versus Phillip Danault in COLUMBUS zone.
1:03 of 1st period - Derek Grant is hit by Nino Niederreiter.
1:16 of 1st period - Icing by Connor Murphy.
1:17 of 1st period - Luke Kunin wins face-off versus Phillip Danault in MONTREAL zone.
1:39 of 1st period - Icing by Nino Niederreiter.
1:40 of 1st period - Phillip Danault wins face-off versus Sean Kuraly in MONTREAL zone.
1:40 of 1st period - Phillip Danault is hit by Jack Roslovic.
1:56 of 1st period - Shot by Marcus Sorensen.
1:56 of 1st period - Shot Blocked by Keith Yandle.
2:40 of 1st period - Shot by Nathan MacKinnon.
2:40 of 1st period - Stopped by Jordan Binnington with a rebound.
3:49 of 1st period - Shot by Luke Kunin.
3:49 of 1st period - Shot Blocked by Tony DeAngelo.
4:09 of 1st period - Derek Grant is hit by Max Pacioretty and loses puck.
4:47 of 1st period - Shot by Roope Hintz.
4:47 of 1st period - Stopped by Jordan Binnington without a rebound.
4:48 of 1st period - Mark Jankowski wins face-off versus Marcus Sorensen in COLUMBUS zone.
4:53 of 1st period - Shot by Wayne Simmonds.
4:53 of 1st period - Stopped by Jordan Binnington without a rebound.
4:54 of 1st period - Mark Jankowski wins face-off versus Aleksander Barkov in COLUMBUS zone.
4:54 of 1st period - Keith Yandle is hit by Ben Chiarot and loses puck.
5:24 of 1st period - Mark Jankowski is hit by Ben Chiarot and loses puck.
5:50 of 1st period - Connor Murphy is hit by Jonathan Drouin and loses puck.
6:01 of 1st period - Shot by T.J. Oshie.
6:01 of 1st period - Shot Misses the Net.
6:19 of 1st period - Shot by T.J. Oshie.
6:19 of 1st period - Goal by T.J. Oshie - MONTREAL : 1 - COLUMBUS : 1.
6:20 of 1st period - Derek Grant wins face-off versus Vincent Trocheck in neutral zone.
6:36 of 1st period - Shot by Joel Armia.
6:36 of 1st period - Shot Misses the Net.
7:09 of 1st period - Tomas Tatar is hit by Cam Atkinson and loses puck.
7:20 of 1st period - Shot by Phillip Danault.
7:20 of 1st period - Shot Blocked by Ryan Murray.
7:22 of 1st period - Shot by Tomas Tatar.
7:22 of 1st period - Stopped by Jordan Binnington with a rebound.
7:46 of 1st period - P.K. Subban is hit by Jonathan Drouin and loses puck.
8:12 of 1st period - Icing by Alex Iafallo.
8:13 of 1st period - Nathan MacKinnon wins face-off versus Aleksander Barkov in MONTREAL zone.
8:30 of 1st period - Shot by Anthony Beauvillier.
8:30 of 1st period - Deflect By Aleksander Barkov.
8:30 of 1st period - Shot Misses the Net.
8:32 of 1st period - Shot by Aleksander Barkov.
8:32 of 1st period - Deflect By Steven Stamkos.
8:32 of 1st period - Stopped by Robin Lehner without a rebound.
8:33 of 1st period - Vincent Trocheck wins face-off versus Sean Kuraly in MONTREAL zone.
8:41 of 1st period - Roope Hintz is hit by Carl Gunnarsson and loses puck.
8:50 of 1st period - Shot by Vincent Trocheck.
8:50 of 1st period - Shot Blocked by Carl Gunnarsson.
8:52 of 1st period - Shot by Connor Murphy.
8:52 of 1st period - Shot Blocked by John Carlson.
8:54 of 1st period - Shot by Connor Murphy.
8:54 of 1st period - Shot Misses the Net.
9:24 of 1st period - Shot by Max Pacioretty.
9:24 of 1st period - Deflect By Nathan MacKinnon.
9:24 of 1st period - Shot Misses the Net.
9:26 of 1st period - Shot by P.K. Subban.
9:26 of 1st period - Stopped by Jordan Binnington without a rebound.
9:27 of 1st period - Tomas Tatar wins face-off versus Aleksander Barkov in COLUMBUS zone.
9:28 of 1st period - Shot by Phillip Danault.
9:28 of 1st period - Shot Misses the Net.
9:30 of 1st period - Shot by Phillip Danault.
9:30 of 1st period - Shot Blocked by Ben Chiarot.
9:32 of 1st period - Shot by Phillip Danault.
9:32 of 1st period - Stopped by Jordan Binnington without a rebound.
9:33 of 1st period - Aleksander Barkov wins face-off versus Nathan MacKinnon in COLUMBUS zone.
9:47 of 1st period - Steven Stamkos is hit by P.K. Subban and loses puck.
10:11 of 1st period - Shot by Nathan MacKinnon.
10:11 of 1st period - Stopped by Jordan Binnington with a rebound.
10:21 of 1st period - Ben Chiarot is hit by Max Pacioretty and loses puck.
10:37 of 1st period - Icing by Alex Iafallo.
10:38 of 1st period - Luke Kunin wins face-off versus Nathan MacKinnon in MONTREAL zone.
10:38 of 1st period - Jonathan Drouin is hit by Tony DeAngelo and loses puck.
10:42 of 1st period - Minor Penalty to P.K. Subban for Hooking.
10:43 of 1st period - Luke Kunin wins face-off versus Phillip Danault in MONTREAL zone.
11:23 of 1st period - Shot by John Carlson.
11:23 of 1st period - Shot Misses the Net.
11:48 of 1st period - Shot by Jacob Trouba.
11:48 of 1st period - Deflect By Steven Stamkos.
11:48 of 1st period - Stopped by Robin Lehner without a rebound.
11:49 of 1st period - Phillip Danault wins face-off versus Aleksander Barkov in MONTREAL zone.
12:13 of 1st period - Off-side.
12:14 of 1st period - Vincent Trocheck wins face-off versus Jonathan Drouin in neutral zone.
12:14 of 1st period - Vincent Trocheck is hit by Jonathan Drouin.
12:39 of 1st period - Icing by Jonathan Drouin.
12:40 of 1st period - Vincent Trocheck wins face-off versus Jonathan Drouin in COLUMBUS zone.
12:43 of 1st period - Shot by Joel Armia.
12:43 of 1st period - Stopped by Jordan Binnington without a rebound.
12:44 of 1st period - Derek Grant wins face-off versus Vincent Trocheck in COLUMBUS zone.
13:17 of 1st period - Shot by Vincent Trocheck.
13:17 of 1st period - Shot Misses the Net.
14:38 of 1st period - Shot by Luke Kunin.
14:38 of 1st period - Shot Misses the Net.
14:40 of 1st period - Shot by T.J. Oshie.
14:40 of 1st period - Shot Blocked by Tony DeAngelo.
14:42 of 1st period - Shot by Jonathan Drouin.
14:42 of 1st period - Deflect By Luke Kunin.
14:42 of 1st period - Shot Blocked by P.K. Subban.
14:44 of 1st period - Shot by T.J. Oshie.
14:44 of 1st period - Stopped by Robin Lehner without a rebound.
14:45 of 1st period - Marcus Sorensen wins face-off versus Nathan MacKinnon in MONTREAL zone.
15:14 of 1st period - Shot by Ben Chiarot.
15:14 of 1st period - Stopped by Robin Lehner without a rebound.
15:15 of 1st period - T.J. Oshie wins face-off versus Mark Jankowski in MONTREAL zone.
15:24 of 1st period - Shot by T.J. Oshie.
15:24 of 1st period - Shot Blocked by Nathan Beaulieu.
15:34 of 1st period - Shot by T.J. Oshie.
15:34 of 1st period - Shot Misses the Net.
15:36 of 1st period - Shot by T.J. Oshie.
15:36 of 1st period - Shot Blocked by Nathan Beaulieu.
15:43 of 1st period - Minor Penalty to Erik Gustafsson for Hooking.
15:44 of 1st period - Aleksander Barkov wins face-off versus Phillip Danault in MONTREAL zone.
15:47 of 1st period - Shot by Steven Stamkos.
15:47 of 1st period - Shot Misses the Net.
15:49 of 1st period - Shot by Mattias Ekholm.
15:49 of 1st period - Stopped by Robin Lehner with a rebound.
15:51 of 1st period - Shot by John Carlson.
15:51 of 1st period - Goal by John Carlson - MONTREAL : 1 - COLUMBUS : 2.
15:52 of 1st period - Nathan MacKinnon wins face-off versus Aleksander Barkov in neutral zone.
16:57 of 1st period - Shot by Luke Kunin.
16:57 of 1st period - Stopped by Robin Lehner without a rebound.
16:58 of 1st period - Derek Grant wins face-off versus Phillip Danault in MONTREAL zone.
17:01 of 1st period - Shot by Cam Atkinson.
17:01 of 1st period - Shot Blocked by P.K. Subban.
17:19 of 1st period - Shot by Nino Niederreiter.
17:19 of 1st period - Stopped by Jordan Binnington without a rebound.
17:20 of 1st period - Luke Kunin wins face-off versus Vincent Trocheck in COLUMBUS zone.
17:20 of 1st period - Luke Kunin is hit by Joel Armia.
17:30 of 1st period - Shot by Jacob Trouba.
17:30 of 1st period - Shot Misses the Net.
17:32 of 1st period - Shot by Luke Kunin.
17:32 of 1st period - Shot Misses the Net.
17:34 of 1st period - Shot by Ben Chiarot.
17:34 of 1st period - Stopped by Robin Lehner without a rebound.
17:35 of 1st period - Aleksander Barkov wins face-off versus Tomas Tatar in MONTREAL zone.
18:03 of 1st period - Shot by Aleksander Barkov.
18:03 of 1st period - Stopped by Robin Lehner without a rebound.
18:04 of 1st period - Vincent Trocheck wins face-off versus Luke Kunin in MONTREAL zone.
18:11 of 1st period - Shot by Roope Hintz.
18:11 of 1st period - Goal by Roope Hintz - MONTREAL : 2 - COLUMBUS : 2.
18:12 of 1st period - Joel Armia wins face-off versus T.J. Oshie in neutral zone.
18:12 of 1st period - Vincent Trocheck is hit by Jonathan Drouin and loses puck.
18:32 of 1st period - Roope Hintz is hit by Jacob Trouba and loses puck.
18:37 of 1st period - Shot by Roope Hintz.
18:37 of 1st period - Shot Misses the Net.
18:38 of 1st period - Minor Penalty to Jacob Trouba for Hooking.
18:39 of 1st period - Nathan MacKinnon wins face-off versus Derek Grant in COLUMBUS zone.
19:51 of 1st period - Icing by Vincent Trocheck.
19:52 of 1st period - Phillip Danault wins face-off versus Derek Grant in MONTREAL zone.
Goals for this period are 2 for MONTREAL vs 2 for COLUMBUS.
Shots for this period are 12 for MONTREAL vs 10 for COLUMBUS.

2nd period


0:01 of 2nd period - Derek Grant wins face-off versus Tomas Tatar in neutral zone.
0:18 of 2nd period - Shot by Keith Yandle.
0:18 of 2nd period - Shot Misses the Net.
0:20 of 2nd period - Shot by Tony DeAngelo.
0:20 of 2nd period - Stopped by Jordan Binnington without a rebound.
0:21 of 2nd period - Derek Grant wins face-off versus Phillip Danault in COLUMBUS zone.
0:42 of 2nd period - Icing by Jacob Trouba.
0:43 of 2nd period - Nathan MacKinnon wins face-off versus Steven Stamkos in COLUMBUS zone.
1:03 of 2nd period - Nathan MacKinnon is hit by Ben Chiarot and loses puck.
1:57 of 2nd period - Shot by Phillip Danault.
1:57 of 2nd period - Deflect By Tomas Tatar.
1:57 of 2nd period - Shot Misses the Net.
1:59 of 2nd period - Shot by Phillip Danault.
1:59 of 2nd period - Deflect By Tomas Tatar.
1:59 of 2nd period - Shot Misses the Net.
2:46 of 2nd period - Icing by Mattias Ekholm.
2:47 of 2nd period - Luke Kunin wins face-off versus Mark Jankowski in COLUMBUS zone.
2:59 of 2nd period - Icing by Connor Murphy.
3:00 of 2nd period - Derek Grant wins face-off versus Mark Jankowski in MONTREAL zone.
3:01 of 2nd period - Shot by Cam Atkinson.
3:01 of 2nd period - Shot Blocked by Connor Murphy.
3:03 of 2nd period - Shot by Erik Cernak.
3:03 of 2nd period - Stopped by Robin Lehner without a rebound.
3:04 of 2nd period - Nathan MacKinnon wins face-off versus Derek Grant in MONTREAL zone.
3:04 of 2nd period - Tony DeAngelo is hit by Derek Grant and loses puck.
3:10 of 2nd period - Icing by Alex Iafallo.
3:11 of 2nd period - Nathan MacKinnon wins face-off versus Cam Atkinson in MONTREAL zone.
3:17 of 2nd period - Nathan MacKinnon is hit by Erik Cernak and loses puck.
3:54 of 2nd period - Derek Grant is hit by Max Pacioretty.
4:41 of 2nd period - Shot by Anthony Beauvillier.
4:41 of 2nd period - Stopped by Robin Lehner without a rebound.
4:42 of 2nd period - Sean Kuraly wins face-off versus Vincent Trocheck in MONTREAL zone.
4:54 of 2nd period - Jack Roslovic is hit by Connor Murphy and loses puck.
5:21 of 2nd period - Shot by Vincent Trocheck.
5:21 of 2nd period - Stopped by Jordan Binnington with a rebound.
6:26 of 2nd period - Shot by T.J. Oshie.
6:26 of 2nd period - Deflect By Jonathan Drouin.
6:26 of 2nd period - Stopped by Robin Lehner without a rebound.
6:27 of 2nd period - Aleksander Barkov wins face-off versus Phillip Danault in MONTREAL zone.
6:30 of 2nd period - Shot by Erik Cernak.
6:30 of 2nd period - Shot Misses the Net.
6:49 of 2nd period - Off-side.
6:50 of 2nd period - Nathan MacKinnon wins face-off versus Derek Grant in neutral zone.
7:13 of 2nd period - Shot by Cam Atkinson.
7:13 of 2nd period - Stopped by Robin Lehner without a rebound.
7:14 of 2nd period - Phillip Danault wins face-off versus Luke Kunin in MONTREAL zone.
7:18 of 2nd period - Phillip Danault is hit by T.J. Oshie and loses puck.
7:48 of 2nd period - Minor Penalty to Erik Gustafsson for Holding.
7:49 of 2nd period - Aleksander Barkov wins face-off versus Phillip Danault in MONTREAL zone.
7:56 of 2nd period - Shot by Aleksander Barkov.
7:56 of 2nd period - Shot Misses the Net.
7:58 of 2nd period - Shot by Mattias Ekholm.
7:58 of 2nd period - Shot Blocked by Brock McGinn.
8:00 of 2nd period - Shot by Mattias Ekholm.
8:00 of 2nd period - Shot Misses the Net.
8:02 of 2nd period - Shot by Steven Stamkos.
8:02 of 2nd period - Deflect By Aleksander Barkov.
8:02 of 2nd period - Shot Misses the Net.
8:04 of 2nd period - Shot by Steven Stamkos.
8:04 of 2nd period - Stopped by Robin Lehner without a rebound.
8:05 of 2nd period - Aleksander Barkov wins face-off versus Phillip Danault in MONTREAL zone.
8:06 of 2nd period - Shot by Jacob Trouba.
8:06 of 2nd period - Shot Misses the Net.
8:08 of 2nd period - Shot by Ben Chiarot.
8:08 of 2nd period - Shot Misses the Net.
8:10 of 2nd period - Shot by Aleksander Barkov.
8:10 of 2nd period - Goal by Aleksander Barkov - MONTREAL : 2 - COLUMBUS : 3.
8:11 of 2nd period - Derek Grant wins face-off versus Nathan MacKinnon in neutral zone.
9:12 of 2nd period - Icing by Ben Chiarot.
9:13 of 2nd period - Phillip Danault wins face-off versus Aleksander Barkov in COLUMBUS zone.
9:21 of 2nd period - Tomas Tatar is hit by Jacob Trouba and loses puck.
10:06 of 2nd period - Icing by Ben Chiarot.
10:07 of 2nd period - Steven Stamkos wins face-off versus Vincent Trocheck in COLUMBUS zone.
10:27 of 2nd period - Icing by Mattias Ekholm.
10:28 of 2nd period - Luke Kunin wins face-off versus Nathan MacKinnon in COLUMBUS zone.
11:01 of 2nd period - Shot by Nathan MacKinnon.
11:01 of 2nd period - Shot Misses the Net.
11:03 of 2nd period - Shot by Nathan MacKinnon.
11:03 of 2nd period - Shot Blocked by Jonathan Drouin.
11:05 of 2nd period - Shot by Max Pacioretty.
11:05 of 2nd period - Goal by Max Pacioretty - MONTREAL : 3 - COLUMBUS : 3.
11:06 of 2nd period - Vincent Trocheck wins face-off versus Derek Grant in neutral zone.
13:01 of 2nd period - Shot by Steven Stamkos.
13:01 of 2nd period - Stopped by Robin Lehner without a rebound.
13:02 of 2nd period - Luke Kunin wins face-off versus Mark Jankowski in MONTREAL zone.
13:03 of 2nd period - Shot by T.J. Oshie.
13:03 of 2nd period - Shot Blocked by Tony DeAngelo.
13:59 of 2nd period - Icing by T.J. Oshie.
14:00 of 2nd period - Jonathan Drouin wins face-off versus Phillip Danault in COLUMBUS zone.
14:27 of 2nd period - Icing by Phillip Danault.
14:28 of 2nd period - Phillip Danault wins face-off versus Derek Grant in MONTREAL zone.
14:32 of 2nd period - Off-side.
14:33 of 2nd period - Derek Grant wins face-off versus Alex Iafallo in neutral zone.
15:32 of 2nd period - Shot by Aleksander Barkov.
15:32 of 2nd period - Shot Misses the Net.
15:38 of 2nd period - Shot by Anthony Beauvillier.
15:38 of 2nd period - Stopped by Robin Lehner without a rebound.
15:39 of 2nd period - Vincent Trocheck wins face-off versus Luke Kunin in MONTREAL zone.
15:39 of 2nd period - Vincent Trocheck is hit by Luke Kunin.
16:11 of 2nd period - Jonathan Drouin is hit by Roope Hintz and loses puck.
16:55 of 2nd period - Icing by Carl Gunnarsson.
16:56 of 2nd period - Aleksander Barkov wins face-off versus Mark Jankowski in COLUMBUS zone.
17:53 of 2nd period - Shot by Derek Grant.
17:53 of 2nd period - Shot Misses the Net.
17:55 of 2nd period - Shot by Cam Atkinson.
17:55 of 2nd period - Stopped by Robin Lehner with a rebound.
17:57 of 2nd period - Shot by Ben Chiarot.
17:57 of 2nd period - Stopped by Robin Lehner with a rebound.
18:17 of 2nd period - Icing by Keith Yandle.
18:18 of 2nd period - Mark Jankowski wins face-off versus Luke Kunin in MONTREAL zone.
18:18 of 2nd period - Mark Jankowski is hit by Luke Kunin.
19:23 of 2nd period - Tony DeAngelo is hit by Mattias Ekholm and loses puck.
19:59 of 2nd period - Erik Gustafsson is hit by Anthony Beauvillier and loses puck.
Goals for this period are 1 for MONTREAL vs 1 for COLUMBUS.
Shots for this period are 3 for MONTREAL vs 10 for COLUMBUS.

3rd period


0:01 of 3rd period - Aleksander Barkov wins face-off versus Vincent Trocheck in neutral zone.
0:43 of 3rd period - Shot by Anthony Beauvillier.
0:43 of 3rd period - Shot Misses the Net.
1:01 of 3rd period - Shot by Luke Kunin.
1:01 of 3rd period - Stopped by Robin Lehner without a rebound.
1:02 of 3rd period - Phillip Danault wins face-off versus Derek Grant in MONTREAL zone.
2:01 of 3rd period - Derek Grant and Max Pacioretty fight to a draw.
2:01 of 3rd period - Penalty to Derek Grant for Fighting.
2:01 of 3rd period - Penalty to Max Pacioretty for Fighting.
2:02 of 3rd period - Aleksander Barkov wins face-off versus Mark Jankowski in neutral zone.
2:05 of 3rd period - Mark Jankowski is hit by Anthony Beauvillier and loses puck.
2:38 of 3rd period - Shot by Wayne Simmonds.
2:38 of 3rd period - Deflect By Brock McGinn.
2:38 of 3rd period - Stopped by Jordan Binnington without a rebound.
2:39 of 3rd period - Luke Kunin wins face-off versus Nathan MacKinnon in COLUMBUS zone.
2:48 of 3rd period - Shot by T.J. Oshie.
2:48 of 3rd period - Deflect By Luke Kunin.
2:48 of 3rd period - Shot Misses the Net.
2:56 of 3rd period - Shot by Nathan MacKinnon.
2:56 of 3rd period - Shot Blocked by Ben Chiarot.
2:58 of 3rd period - Shot by Roope Hintz.
2:58 of 3rd period - Shot Misses the Net.
3:00 of 3rd period - Shot by Tony DeAngelo.
3:00 of 3rd period - Shot Misses the Net.
3:04 of 3rd period - Shot by Nathan MacKinnon.
3:04 of 3rd period - Shot Misses the Net.
3:48 of 3rd period - Shot by Jack Roslovic.
3:48 of 3rd period - Stopped by Robin Lehner without a rebound.
3:49 of 3rd period - Aleksander Barkov wins face-off versus Phillip Danault in MONTREAL zone.
4:27 of 3rd period - Steven Stamkos is hit by Nathan Beaulieu.
5:20 of 3rd period - Shot by Mark Jankowski.
5:20 of 3rd period - Shot Misses the Net.
5:22 of 3rd period - Shot by Brock McGinn.
5:22 of 3rd period - Stopped by Jordan Binnington without a rebound.
5:23 of 3rd period - Vincent Trocheck wins face-off versus Luke Kunin in COLUMBUS zone.
5:23 of 3rd period - Minor Penalty to Ben Chiarot for Tripping.
5:24 of 3rd period - Aleksander Barkov wins face-off versus Nathan MacKinnon in COLUMBUS zone.
5:39 of 3rd period - Shot by Nathan MacKinnon.
5:39 of 3rd period - Stopped by Jordan Binnington without a rebound.
5:40 of 3rd period - T.J. Oshie wins face-off versus Nathan MacKinnon in COLUMBUS zone.
8:04 of 3rd period - Shot by Nathan MacKinnon.
8:04 of 3rd period - Shot Misses the Net.
8:47 of 3rd period - Icing by Nathan Beaulieu.
8:48 of 3rd period - Derek Grant wins face-off versus Mark Jankowski in MONTREAL zone.
9:25 of 3rd period - Shot by Cam Atkinson.
9:25 of 3rd period - Shot Misses the Net.
9:27 of 3rd period - Shot by Ben Chiarot.
9:27 of 3rd period - Stopped by Robin Lehner without a rebound.
9:28 of 3rd period - Phillip Danault wins face-off versus Luke Kunin in MONTREAL zone.
10:35 of 3rd period - Shot by Sean Kuraly.
10:35 of 3rd period - Deflect By Jack Roslovic.
10:35 of 3rd period - Shot Misses the Net.
10:37 of 3rd period - Shot by Jacob Trouba.
10:37 of 3rd period - Shot Misses the Net.
11:15 of 3rd period - Kaapo Kakko is hit by Keith Yandle and loses puck.
11:48 of 3rd period - Shot by Steven Stamkos.
11:48 of 3rd period - Goal by Steven Stamkos - MONTREAL : 3 - COLUMBUS : 4.
11:49 of 3rd period - Aleksander Barkov wins face-off versus Nathan MacKinnon in neutral zone.
11:58 of 3rd period - Shot by Aleksander Barkov.
11:58 of 3rd period - Stopped by Robin Lehner with a rebound.
12:00 of 3rd period - Shot by Aleksander Barkov.
12:00 of 3rd period - Stopped by Robin Lehner without a rebound.
12:01 of 3rd period - Luke Kunin wins face-off versus Phillip Danault in MONTREAL zone.
12:12 of 3rd period - Shot by T.J. Oshie.
12:12 of 3rd period - Goal by T.J. Oshie - MONTREAL : 3 - COLUMBUS : 5.
12:13 of 3rd period - Aleksander Barkov wins face-off versus Nathan MacKinnon in neutral zone.
12:18 of 3rd period - Shot by Anthony Beauvillier.
12:18 of 3rd period - Stopped by Robin Lehner without a rebound.
12:19 of 3rd period - T.J. Oshie wins face-off versus Nathan MacKinnon in MONTREAL zone.
12:47 of 3rd period - Shot by Nathan MacKinnon.
12:47 of 3rd period - Stopped by Jordan Binnington without a rebound.
12:48 of 3rd period - Phillip Danault wins face-off versus Aleksander Barkov in COLUMBUS zone.
13:38 of 3rd period - Alex Iafallo is hit by Steven Stamkos and loses puck.
13:49 of 3rd period - Shot by Nathan MacKinnon.
13:49 of 3rd period - Goal by Nathan MacKinnon - MONTREAL : 4 - COLUMBUS : 5.
13:50 of 3rd period - Vincent Trocheck wins face-off versus Luke Kunin in neutral zone.
13:53 of 3rd period - Luke Kunin is hit by Vincent Trocheck.
14:05 of 3rd period - Shot by Luke Kunin.
14:05 of 3rd period - Stopped by Robin Lehner without a rebound.
14:06 of 3rd period - Derek Grant wins face-off versus Nathan MacKinnon in MONTREAL zone.
14:12 of 3rd period - Icing by Nathan MacKinnon.
14:13 of 3rd period - T.J. Oshie wins face-off versus Nathan MacKinnon in MONTREAL zone.
14:38 of 3rd period - Shot by Max Pacioretty.
14:38 of 3rd period - Stopped by Jordan Binnington without a rebound.
14:39 of 3rd period - Phillip Danault wins face-off versus Derek Grant in COLUMBUS zone.
14:56 of 3rd period - Shot by Tomas Tatar.
14:56 of 3rd period - Shot Misses the Net.
14:58 of 3rd period - Shot by Connor Murphy.
14:58 of 3rd period - Shot Blocked by Mattias Ekholm.
15:07 of 3rd period - Nino Niederreiter is hit by John Carlson and loses puck.
15:16 of 3rd period - Shot by Phillip Danault.
15:16 of 3rd period - Deflect By Nino Niederreiter.
15:16 of 3rd period - Stopped by Jordan Binnington with a rebound.
15:18 of 3rd period - Shot by Phillip Danault.
15:18 of 3rd period - Shot Misses the Net.
15:30 of 3rd period - Icing by Tony DeAngelo.
15:31 of 3rd period - Luke Kunin wins face-off versus Nathan MacKinnon in MONTREAL zone.
15:42 of 3rd period - Minor Penalty to T.J. Oshie for Hooking.
15:43 of 3rd period - Derek Grant wins face-off versus Phillip Danault in COLUMBUS zone.
16:00 of 3rd period - Shot by Erik Gustafsson.
16:00 of 3rd period - Stopped by Jordan Binnington without a rebound.
16:01 of 3rd period - Nathan MacKinnon wins face-off versus Sean Kuraly in COLUMBUS zone.
16:02 of 3rd period - Shot by Keith Yandle.
16:02 of 3rd period - Shot Blocked by John Carlson.
16:04 of 3rd period - Shot by Tony DeAngelo.
16:04 of 3rd period - Shot Misses the Net.
16:06 of 3rd period - Shot by Tony DeAngelo.
16:06 of 3rd period - Stopped by Jordan Binnington without a rebound.
16:07 of 3rd period - Nathan MacKinnon wins face-off versus Derek Grant in COLUMBUS zone.
16:10 of 3rd period - Shot by Tomas Tatar.
16:10 of 3rd period - Shot Misses the Net.
16:25 of 3rd period - Shot by Nathan MacKinnon.
16:25 of 3rd period - Shot Misses the Net.
16:43 of 3rd period - Shot by Keith Yandle.
16:43 of 3rd period - Shot Misses the Net.
16:45 of 3rd period - Shot by Tomas Tatar.
16:45 of 3rd period - Shot Misses the Net.
16:47 of 3rd period - Shot by Tony DeAngelo.
16:47 of 3rd period - Shot Blocked by Mattias Ekholm.
16:58 of 3rd period - Icing by Phillip Danault.
16:59 of 3rd period - Phillip Danault wins face-off versus Aleksander Barkov in MONTREAL zone.
18:03 of 3rd period - Shot by T.J. Oshie.
18:03 of 3rd period - Stopped by Robin Lehner without a rebound.
18:04 of 3rd period - Aleksander Barkov wins face-off versus Nathan MacKinnon in MONTREAL zone.
18:07 of 3rd period - Shot by Aleksander Barkov.
18:07 of 3rd period - Stopped by Robin Lehner without a rebound.
18:08 of 3rd period - Nathan MacKinnon wins face-off versus T.J. Oshie in MONTREAL zone.
18:15 of 3rd period - Shot by Max Pacioretty.
18:15 of 3rd period - Stopped by Jordan Binnington without a rebound.
18:16 of 3rd period - Aleksander Barkov wins face-off versus Nathan MacKinnon in COLUMBUS zone.
18:29 of 3rd period - Shot by John Carlson.
18:29 of 3rd period - Stopped by Robin Lehner with a rebound.
18:39 of 3rd period - Shot by Aleksander Barkov.
18:39 of 3rd period - Stopped by Robin Lehner without a rebound.
18:40 of 3rd period - Luke Kunin wins face-off versus Vincent Trocheck in MONTREAL zone.
18:44 of 3rd period - Icing by Tony DeAngelo.
18:45 of 3rd period - Vincent Trocheck wins face-off versus Luke Kunin in MONTREAL zone.
19:02 of 3rd period - MONTREAL, Robin Lehner is pulled from the net.
19:38 of 3rd period - Shot by John Carlson.
19:38 of 3rd period - Shot Misses the Net.
Goals for this period are 1 for MONTREAL vs 2 for COLUMBUS.
Shots for this period are 10 for MONTREAL vs 13 for COLUMBUS.